 Dungeon Crawl Stone Soup version 0.23.0-3-gf3c87f2 (webtiles) character file.

Game seed: 12624043627748252266

151 Scud the Caller (level 5, -1/21 HPs)
             Began as a Felid Summoner on Feb 23, 2019.
             Was an Initiate of Dithmenos.
             Slain by Grinder (6 damage)
             ... while paralysed by Grinder
             ... on level 4 of the Dungeon.
             The game lasted 00:17:45 (5630 turns).

Scud the Caller (Felid Summoner)                    Turns: 5630, Time: 00:17:45

Health: -1/21      AC:  1    Str:  4    XL:     5   Next: 11%
Magic:  1/10       EV:  4    Int: 17    God:    Dithmenos [......]
Gold:   182        SH:  0    Dex: 17    Spells: 8/10 levels left
                                        Lives:  0   Deaths: 1

rFire    . . .     SeeInvis +     - Unarmed
rCold    . . .     Gourm    .   (shield unavailable)
rNeg     . . .     Faith    .   (armour unavailable)
rPois    .         Spirit   .   (helmet unavailable)
rElec    .         Reflect  .   (cloak unavailable)
rCorr    .         Harm     .   (gloves unavailable)
MR       .....                  (boots unavailable)
Stlth    +++.......             a - amulet of inaccuracy (curse)
HPRegen  0.07/turn              (no ring)
MPRegen  0.12/turn              (no ring)

@: paralysed, quick
A: very small, no armour, no weapons or thrown items, stealth, claws 1, fangs 3,
see invisible, carnivore, speed 1, shaggy fur 1, slow metabolism 1, sharp paws
a: Renounce Religion


You were on level 4 of the Dungeon.
You worshipped Dithmenos.
Dithmenos was noncommittal.
You were not hungry.

You visited 1 branch of the dungeon, and saw 4 of its levels.

You collected 182 gold pieces.

Inventory:

Jewellery
 a - a cursed amulet of inaccuracy (around neck)
Scrolls
 c - a scroll of identify
 d - 2 scrolls of enchant armour
 f - a scroll of immolation {unknown}
Potions
 e - a potion of mutation {unknown}
Comestibles
 b - 5 rations


   Skills:
 + Level 0.3 Fighting
 + Level 3.5 Dodging
 + Level 3.8 Stealth
 + Level 2.4 Unarmed Combat
 + Level 3.0 Spellcasting
 + Level 5.0 Summonings


You had 8 spell levels left.
You knew the following spells:

 Your Spells              Type           Power        Failure   Level  Hunger
b - Call Imp              Summ           ###.....     3%          2    ##.....

Your spell library contained the following spells:

 Spells                   Type           Power        Failure   Level  Hunger
 Summon Small Mammal      Summ           ###.         2%          1    None
 Call Canine Familiar     Summ           ###.....     7%          3    ###....
 Summon Guardian Golem    Hex/Summ       ##......     19%         3    ###....
 Summon Ice Beast         Ice/Summ       ##......     52%         4    ####...
 Summon Lightning Spire   Summ/Air       ##......     52%         4    ####...


Dungeon Overview and Level Annotations

Branches:
Dungeon (4/15)
 Temple: D:4-7

Altars:
Ashenzari
Dithmenos
Nemelex Xobeh
Qazlal
Trog
Vehumet
The Shining One

Annotations:
D:4 Grinder


Innate Abilities, Weirdness & Mutations

You cannot wear armour.
You are incapable of wielding weapons or throwing items.
Your paws allow you to move quietly. (Stealth)
You have sharp claws.
You have razor-sharp teeth.
You have supernaturally acute eyesight. (SInv)
You are carnivorous and can eat meat at any time.
You cover ground quickly.
You are covered in fur. (AC +1)
You have a slow metabolism.
Your sharp claws are effective at attacking unaware monsters.


Message History

Your crimson imp blinks!
Your crimson imp disappears in a puff of smoke!
Your crimson imp hits Grinder.
What are your orders? t - Meow!
Orders for allies: a - Attack new target. r - Retreat! s - Stop attacking. g - Guard the area. f - Follow me.
Anything else - Cancel.
Gang up on whom?
Press: ? - help, Dir - move target cursor, f - Grinder
Aim: Grinder (lightly wounded) Attack!
Your crimson imp barely misses Grinder.
You barely miss Grinder.
Grinder is lightly wounded.
Grinder gestures at you.
You suddenly lose the ability to move!
Your crimson imp misses Grinder.
Your crimson imp hits Grinder.
Grinder hits you.
You die...

..........# ########.....#
#############..†.........#
########..####.####..#
#.........##.....##..#
#####.......#.#.......#..#
..............#.......#..#
#####.........5..._......#
#........5#.......#..#
#########.#.@5....#..#
#........##.55..##..#
#.....>..####.####..#
#........5..........#
#.....5..5..........#
#####..############## ##.
#. ..


You could see Grinder and 3 friendly crimson imps.

Vanquished Creatures
  An ogre (D:4)
  An adder (D:3)
  A worm (D:4)
  2 dart slugs (D:1)
  3 leopard geckos (D:3)
  An orc (D:3)
  3 giant cockroaches
  9 hobgoblins
  A ball python (D:3)
  9 bats
  3 frilled lizards
  4 goblins
  4 kobolds
  A rat (D:1)
43 creatures vanquished.

Vanquished Creatures (collateral kills)
  3 worker ants (D:4)
  Terence (D:3)
  6 adders
  An adder skeleton (D:4)
  2 worms (D:2)
  2 leopard geckos
  A ball python (D:2)
  2 bats
  2 goblins (D:3)
  4 hobgoblins
  A quokka (D:2)
  2 kobolds
  A rat (D:2)
28 creatures vanquished.

Grand Total: 71 creatures vanquished

Notes
Turn   | Place    | Note
-------+----------+-------------------------------------------
     0 | D:1      | Scud the Felid Summoner began the quest for the Orb.
     0 | D:1      | Reached XP level 1. HP: 7/7 MP: 4/4
   431 | D:1      | Reached XP level 2. HP: 11/11 MP: 6/6
   435 | D:1      | Learned a level 2 spell: Call Imp
  2025 | D:2      | Reached XP level 3. HP: 11/14 MP: 4/7
  2028 | D:2      | Found a stormy altar of Qazlal.
  2077 | D:2      | Reached skill level 1 in Unarmed Combat
  3228 | D:3      | Found a bloodstained altar of Trog.
  3363 | D:3      | Reached XP level 4. HP: 12/18 MP: 8/8
  4323 | D:3      | Found a radiant altar of Vehumet.
  4564 | D:3      | Noticed Terence
  4592 | D:3      | Killed Terence
  4728 | D:3      | Found a glowing golden altar of the Shining One.
  4839 | D:4      | Succumbed to a worker ant's poison
  4840 | D:4      | Reached XP level 3. HP: 0/14 MP: 0/7
  4878 | D:4      | Found a sparkling altar of Nemelex Xobeh.
  4898 | D:4      | Found a shadowy altar of Dithmenos.
  4906 | D:4      | Became a worshipper of Dithmenos the Shadowed
  5052 | D:4      | Reached XP level 4. HP: 18/18 MP: 1/8
  5368 | D:4      | Noticed an ogre
  5404 | D:4      | Killed an ogre
  5404 | D:4      | Reached XP level 5. HP: 21/21 MP: 3/10
  5432 | D:4      | Found a shattered altar of Ashenzari.
  5447 | D:4      | Reached skill level 5 in Summonings
  5571 | D:4      | Noticed Grinder
  5629 | D:4      | Paralysed by Grinder for 3 turns
  5630 | D:4      | Slain by Grinder

Skill      XL: |  1  2  3  4  5 |
---------------+----------------+-----
Stealth        | 3 |  3.8
Dodging        | 3 |  3.5
Unarmed Combat | 1 2 |  2.4
Spellcasting   | 3 |  3.0
Summonings     | 5 |  5.0
Fighting       | |  0.3

Action                   |  1- 3 |  4- 6 || total
-------------------------+-------+-------++-------
Melee: Unarmed           |   138 |   102 ||   240
       Bite              |     6 |     7 ||    13
 Cast: Call Imp          |    16 |    31 ||    47
  Use: Scroll            |     4 |     2 ||     6
 Stab: Sleeping          |    12 |     3 ||    15
  Eat: Chunk             |    11 |     2 ||    13
Armor: Skin              |    10 |     6 ||    16
Dodge: Dodged            |   111 |   118 ||   229
